 Dungeon Crawl Stone Soup version 0.18.1-1-g2f07953 (webtiles) character file.

257 nikopol the Chopper (level 6, -11/56 HPs)
             Began as a Hill Orc Berserker on May 6, 2016.
             Was a Believer of Trog.
             Mangled by an ogre
             ... wielding a +0 giant club
              (29 damage)
             ... on level 4 of the Dungeon.
             The game lasted 00:06:51 (2504 turns).

nikopol the Chopper (Hill Orc Berserker)            Turns: 2504, Time: 00:06:52

Health: -11/56     AC:  6    Str: 20    XL:     6   Next: 16%
Magic:  6/6        EV: 11    Int:  7    God:    Trog [**....]
Gold:   129        SH:  4    Dex: 12    Spells: 0 memorised, 5 levels left

rFire  . . .     SeeInvis .     a - +0 hand axe
rCold  . . .     Gourm    .     j - +0 ring mail
rNeg   . . .     Faith    .     e - +0 buckler
rPois  .         Spirit   .     (no helmet)
rElec  .         Dismiss  .     p - +0 cloak
rCorr  .         Reflect  .     (no gloves)
SustAt .         Harm     .     (no boots)
MR     .....                    (no amulet)
Stlth  +.........               (no ring)
                                (no ring)

@: not resistant to hostile enchantments, very unstealthy
A: no striking features
a: Berserk, Trog's Hand, Burn Spellbooks, Renounce Religion


You were on level 4 of the Dungeon.
You worshipped Trog.
Trog was pleased with you.
You were not hungry.

You visited 1 branch of the dungeon, and saw 4 of its levels.

You collected 129 gold pieces.

Inventory:

Hand Weapons
 a - a +0 hand axe (weapon)
Armour
 b - a +0 animal skin
 e - a +0 buckler (worn)
 j - a +0 ring mail (worn)
 p - a +0 cloak (worn)
Scrolls
 f - a scroll of enchant weapon {unknown}
 i - a scroll of amnesia {unknown}
 k - a scroll of blinking {unknown}
 l - 3 scrolls of noise {unknown}
 m - 3 scrolls of identify {unknown}
 s - a scroll of teleportation {unknown}
 t - 2 scrolls of remove curse {unknown}
 u - a scroll of recharging {unknown}
Potions
 d - 2 potions of curing {unknown}
 g - a potion of berserk rage {unknown}
 h - a potion of invisibility {unknown}
 n - a potion of cure mutation {unknown}
 o - a potion of ambrosia {unknown}
 r - a potion of lignification {unknown}
Comestibles
 c - 5 bread rations
 q - a chunk of flesh
 v - a beef jerky


   Skills:
 + Level 5.0 Fighting
 + Level 5.2 Axes
 + Level 3.5 Armour
 + Level 2.4 Dodging
 + Level 2.7 Shields


You had 5 spell levels left.
You didn't know any spells.

Dungeon Overview and Level Annotations

Branches:
Dungeon (4/15)
 Temple: D:4-7

Altars:
Ashenzari


Message History

The ogre is moderately wounded.
You hit the ogre but do no damage.
The ogre is moderately wounded.
The ogre hits you with a giant club!
You hit the ogre.
The ogre is heavily wounded.
The ogre misses you.
You barely miss the ogre.
The ogre is heavily wounded.
You block the ogre's attack.
You hit the ogre but do no damage.
The ogre is heavily wounded.
The ogre misses you.
You hit the ogre.
The ogre is heavily wounded.
You hit the ogre.
The ogre is heavily wounded.
The ogre hits you with a giant club!!
Ouch! That really hurt!
You die...

# ##.....## .#
#.#.......#..#
#.#...!...#..
....._.....
#.......#
#.......#
#..)O.#
#.####@####.?.
#..../........
#####.........
#.#######+
#.### #...#
#.### #.#.##
######....#


You could see an ogre.

Vanquished Creatures
  An ogre (D:4)
  A hound (D:3)
  Crazy Yiuf (D:2)
  4 adders
  An adder skeleton (D:4)
  4 worms
  2 dart slugs (D:1)
  4 giant geckos
  An orc (D:4)
  6 bats
  2 giant cockroaches
  8 goblins
  5 hobgoblins
  3 jackals (D:3)
  6 kobolds
  A quokka (D:4)
  A ball python (D:3)
  3 giant newts
  16 rats
70 creatures vanquished.

Notes
Turn   | Place    | Note
--------------------------------------------------------------
     0 | D:1      | nikopol the Hill Orc Berserker began the quest for the Orb.
     0 | D:1      | Reached XP level 1. HP: 19/19 MP: 1/1
    41 | D:1      | Reached XP level 2. HP: 6/27 MP: 2/2
   345 | D:1      | Reached ** piety under Trog
   420 | D:1      | Reached XP level 3. HP: 15/33 MP: 3/3
   856 | D:2      | Reached skill level 1 in Shields
  1242 | D:2      | Reached XP level 4. HP: 39/41 MP: 4/4
  1416 | D:2      | Noticed Crazy Yiuf
  1420 | D:2      | Killed Crazy Yiuf
  1712 | D:3      | Reached XP level 5. HP: 27/47 MP: 5/5
  2482 | D:4      | Found a shattered altar of Ashenzari.
  2487 | D:4      | Noticed an ogre
  2489 | D:4      | Noticed an ogre
  2497 | D:4      | Killed an ogre
  2497 | D:4      | Reached skill level 5 in Fighting
  2497 | D:4      | Reached skill level 5 in Axes
  2497 | D:4      | Reached XP level 6. HP: 42/56 MP: 6/6
  2504 | D:4      | Mangled by an ogre

Skill      XL: |  1  2  3  4  5 |
---------------+----------------+-----
Fighting       | 4 5 |  5.0
Shields        | 1 2 |  2.7
Dodging        | 2 |  2.4
Armour         | 3 |  3.5
Axes           | 5 |  5.2

Action                   |  1- 3 |  4- 6 || total
-------------------------+-------+-------++-------
Melee: Hand axe          |   154 |   162 ||   316
Invok: Berserk           |       |     1 ||     1
  Eat: Chunk             |     1 |     4 ||     5
       Beef jerky        |       |     1 ||     1
Armor: Animal skin       |    15 |       ||    15
       Ring mail         |    20 |    52 ||    72
Dodge: Dodged            |    71 |    81 ||   152
Block: Buckler           |    21 |    33 ||    54
